 Dungeon Crawl Stone Soup version 0.31-a0-161-gb58dd9be76 (webtiles) character file.

Game seed: 11211956653754801580

226 TrayleKats the Ruffian (level 5, -2/53 HPs)
             Began as a Troll Fighter on June 12, 2023.
             Succumbed to an orc wizard's poison
             ... on level 4 of the Dungeon.
             The game lasted 00:03:51 (2767 turns).

TrayleKats the Ruffian (Troll Fighter)              Turns: 2767, Time: 00:03:51

Health: -2/53      AC:  4    Str: 24    XL:     5   Next: 69%
Magic:  4/4        EV:  8    Int: 12    God:
Gold:   74         SH:  8    Dex:  9    Spells: 4/4 levels left

rFire   . .          .
                       - Unarmed
rCold   . . .        b - +0 kite shield
rNeg    . . .        a - +0 robe
rPois   .            (helmet restricted)
rElec   .            (no cloak)
rCorr   .            (gloves unavailable)
SInv    .            (boots unavailable)
Will    .....        (no amulet)
Stlth   +            j - +6 ring of intelligence
HPRegen 1.08/turn    (no ring)
MPRegen 0.09/turn

%: no passive effects
@: lethally poisoned (-2 -> -12)
A: large, unfitting armour, claws 3, regeneration 1, shaggy fur 1, tough skin 1,
wild magic 1
a: no special abilities


You were on level 4 of the Dungeon.
You visited 1 branch of the dungeon, and saw 4 of its levels.

You collected 74 gold pieces.

Inventory:

Missiles
 m - 6 poisoned darts (quivered)
Armour
 a - a +0 robe (worn)
 b - a +0 kite shield (worn)
Jewellery
 j - a +6 ring of intelligence (left claw)
Wands
 p - a wand of flame (13)
Scrolls
 f - a scroll of enchant weapon {unknown}
 g - a scroll of butterflies {unknown}
 h - a scroll of blinking {unknown}
 i - 2 scrolls of enchant armour {unknown}
 n - 2 scrolls of vulnerability {unknown}
 o - a scroll of amnesia {unknown}
Potions
 c - 2 potions of might
 k - 2 potions of enlightenment
 l - a potion of curing {unknown}


   Skills:
 + Level 3.3 Fighting
 - Level 2.4 Dodging
 + Level 3.7 Shields
 * Level 4.5 Unarmed Combat


You had 4 spell levels left.
You didn't know any spells.
Your spell library was empty.

Dungeon Overview and Level Annotations

Branches:
Dungeon (4/15)
 Temple: D:4-7

Altars:

Shops:
D:2 [

Annotations:
D:2 Terence


Innate Abilities, Weirdness & Mutations

You are too large for most types of armour.
You have claws for hands.
Your natural rate of healing is unusually fast.
You are covered in fur. (AC +1)
You have tough skin. (AC +1)
Your spells are a little harder to cast, but a little more powerful.


Message History

You hear some strange, mumbled words.
A puff of flame appears from out of thin air!
You block the puff of flame.
You barely miss something.
You feel sick. Something hits you but does no damage.
You are more poisoned.
You miss something.
You feel very sick. Something hits you.
You are more poisoned.
You completely miss something.
You feel very sick.
You hear some strange, mumbled words.
A magic dart appears from out of thin air!
The magic dart hits you.
You closely miss something.
You feel very sick.
You hear some strange, mumbled words.
A puff of flame appears from out of thin air!
The puff of flame hits you.
You are too injured to fight recklessly!
You are too injured to fight recklessly!
You closely miss something.
You feel very sick. Something hits you but does no damage.
You are more poisoned.
You barely miss something.
You feel very sick. Something hits you.
* * * LOW HITPOINT WARNING * * *
You are lethally poisoned!
* * * LOW HITPOINT WARNING * * *
You feel very sick.
You hear some strange, mumbled words.
A puff of flame appears from out of thin air!
The puff of flame hits you!
* * * LOW HITPOINT WARNING * * *
It was a potion of mutation.
You feel extremely strange.
You feel less in control of your magic.
You die...

#.........# #.#######.#
#.# #<# #.# ### #.# #.#
#.#
#.#######################
#.............$.@){o.....
#########################


You could see an orc.

Vanquished Creatures
  A scorpion (D:3)
  Crazy Yiuf (D:2)
  An orc wizard (D:4)
  An adder (D:3)
  3 gnolls (D:3)
  A worm (D:2)
  3 dart slugs
  6 orcs
  4 endoplasms
  2 giant cockroaches
  6 goblins
  2 hobgoblins
  6 jackals (D:3)
  3 quokkas
  A ball python (D:2)
  2 bats
  6 frilled lizards
  6 kobolds
  4 rats
59 creatures vanquished.

Notes
Turn   | Place    | Note
-------+----------+-------------------------------------------
     0 | D:1      | TrayleKats the Troll Fighter began the quest for the Orb.
     0 | D:1      | Reached XP level 1. HP: 22/22 MP: 0/0
   128 | D:1      | You fall into a shaft and drop 1 floor!
   157 | D:2      | Noticed Terence
   171 | D:1      | Reached XP level 2. HP: 29/29 MP: 1/1
   576 | D:2      | Found Bovunlo's Antique Armour Emporium.
   698 | D:2      | Reached XP level 3. HP: 36/36 MP: 2/2
   719 | D:2      | Found a runed translucent door.
   720 | D:2      | Noticed Crazy Yiuf
   824 | D:2      | Reached skill level 3 in Unarmed Combat
   931 | D:2      | Identified the +1 robe of the Ant {Dex+2}
  1168 | D:2      | Killed Crazy Yiuf
  1169 | D:2      | Reached XP level 4. HP: 20/44 MP: 3/3
  1247 | D:3      | Noticed a scorpion
  1269 | D:3      | Killed a scorpion
  1270 | D:3      | Reached skill level 4 in Unarmed Combat
  1270 | D:3      | Reached XP level 5. HP: 19/53 MP: 4/4
  2766 | D:4      | HP: 1/53 [something/puff of flame (8)]
  2767 | D:4      | Gained mutation: Your spells are a little harder to cast,
                  | but a little more powerful. [potion of mutation]
  2767 | D:4      | Succumbed to an orc wizard's poison

Illustrated notes

Levels and vault maps discovered:
D:1:      eino_arrival_water_cross, layout_rooms, minmay_misc_feat_alley
D:2:      layout_basic, serial_shops, nicolae_shop_waterfront,
          uniq_crazy_yiuf_cottage, uniq_terence
D:3:      layout_loops_corners, grunt_ministairs_1, chequers_mini_garden,
          hangedman_decor_points
D:4:      layout_basic, grunt_qazlal_clouds, mainiacjoe_overflow_24_doors,
          marbit_many_paths

Skill      XL: |  1  2  3  4 |
---------------+-------------+-----
Shields        | 3 |  3.7
Unarmed Combat | 3 4 |  4.5
Fighting       | 3 |  3.3
Dodging        | |  2.4

Action                     |  1- 3 |  4- 6 || total
---------------------------+-------+-------++-------
  Melee: Unarmed           |    84 |    86 ||   170
  Throw: Dart              |       |     4 ||     4
    Use: Scroll            |       |     1 ||     1
         Potion            |       |     1 ||     1
 Armour: Robe              |    18 |    19 ||    37
  Dodge: Dodged            |    18 |    20 ||    38
  Block: Kite shield       |    25 |    29 ||    54

Table legend: (Time is in decaauts)
 A = Elapsed time spent in this place.
 B = Non-inter-level travel time spent in this place.
 C = Inter-level travel time spent in this place.
 D = Time resting spent in this place.
 E = Time spent auto-exploring this place.
 F = Levels seen in this place.
 G = Mean time per level.
                   A        B        C        D        E       F      G
               +--------+--------+--------+--------+--------+-----+--------+
         Total |   2774 |   2660 |    114 |    455 |   1720 |   4 |  693.5 |
       Dungeon |   2774 |   2660 |    114 |    455 |   1720 |   4 |  693.5 |
               +--------+--------+--------+--------+--------+-----+--------+

Top non-repeatable levels by time:
     D:3: 1492 daAuts
     D:2: 710 daAuts
     D:1: 517 daAuts
     D:4: 54 daAuts
